AoeStats
← ForeignDonut

Oasis

510091914Analyzed
4v4 RM · 4d ago on Sep 29, 2026· 84m 8s· 8 players
Game mode
Random Map
Map size
Large (8 player)
Population
200
Speed
Normal
Resources
Standard
Victory
Conquest
Starting age
Dark Age
Ending age
Imperial Age
RankedLock teamsTeams togetherTeam positionsShared explorationLock speedFull tech treeHidden civsTurbo modeCheats
Victory
Defeat
🇧🇬 Teutons · Bulgaria
1025
+14
🇨🇳 Persians · China
1013
+14
🇩🇪 Georgians · Germany
959
+16
🇱🇧 Jurchens · Lebanon
911
+19
🇨🇳 Spanish · China
982
-16
🇮🇩 Franks · Indonesia
978
-16
🇩🇪 Koreans · Germany
970
-16
🇮🇩 Japanese · Indonesia
943
-15
DekaJe
0:31 Loom
11:14 Feudal Age
15:40 Castle Age
14:35 Double-Bit Axe
18:38 Horse Collar
20:47 Fletching
21:35 Scale Mail Armor
22:41 Bodkin Arrow
29:18 Heavy Plow
31:11 Pikeman
36:58 Imperial Age
35:10 Wheelbarrow
34:21 Town Watch
34:47 Guard Tower
36:13 Fortified Wall
36:00 Murder Holes
37:38 Forging
37:30 Padded Archer Armor
37:37 Scale Barding Armor
37:18 Treadmill Crane
38:03 Yasama
38:11 Yasama
38:09 Onager
39:19 Hand Cart
39:18 Bow Saw
39:05 Gold Mining
39:09 Stone Mining
39:27 Arrowslits
42:08 Keep
42:33 Chemistry
41:55 Ballistics
41:44 Elite Samurai
46:26 Halberdier
47:06 Squires
46:52 Gambesons
46:27 Man-at-Arms
49:13 Hoardings
48:59 Conscription
49:10 Arson
49:36 Town Patrol
51:18 Two-Man Saw
50:39 Long Swordsman
51:31 Two-Handed Swordsman
52:44 Caravan
53:17 Crossbowman
53:18 Elite Skirmisher
54:24 Parthian Tactics
54:05 Thumb Ring
54:18 Leather Archer Armor
54:39 Iron Casting
54:20 Chain Mail Armor
54:26 Chain Barding Armor
54:07 Bracer
54:39 Champion
57:50 Kataparuto
64:57 Arbalester
64:57 Heavy Cavalry Archer
72:02 Husbandry
72:13 Bloodlines
71:23 Light Cavalry
muhaliefr06
12:04 Feudal Age
14:26 Wheelbarrow
19:02 Castle Age
17:38 Double-Bit Axe
19:27 Gold Mining
24:11 Gold Shaft Mining
24:08 Forging
24:07 Husbandry
24:42 Hand Cart
36:02 Imperial Age
33:20 Loom
34:34 Bow Saw
34:20 Stone Mining
34:51 Treadmill Crane
35:16 Scale Mail Armor
35:52 Iron Casting
35:22 Scale Barding Armor
34:43 Pikeman
35:25 Squires
37:05 Conscription
36:19 Cavalier
37:42 Chain Mail Armor
38:28 Blast Furnace
38:10 Chivalry
37:59 Paladin
38:31 Halberdier
39:48 Plate Mail Armor
45:46 Chain Barding Armor
57:49 Gambesons
S个帅哥
13:34 Feudal Age
19:45 Castle Age
18:06 Horse Collar
19:05 Gold Mining
19:08 Double-Bit Axe
23:33 Loom
24:27 Bow Saw
27:41 Heavy Plow
33:38 Wheelbarrow
32:50 Town Watch
37:39 Imperial Age
36:33 Stone Mining
37:42 Scale Barding Armor
37:48 Forging
38:20 Hand Cart
38:06 Town Patrol
38:12 Husbandry
38:23 Bloodlines
38:55 Cavalier
40:48 Chain Barding Armor
41:04 Iron Casting
40:36 Paladin
42:44 Plate Barding Armor
44:30 Blast Furnace
45:18 Padded Archer Armor
45:08 Fletching
46:22 Chemistry
45:43 Ballistics
45:34 Fortified Wall
45:19 Murder Holes
45:18 Light Cavalry
46:48 Leather Archer Armor
46:26 Hussar
47:37 Caravan
48:17 Conscription
47:18 Elite Conquistador
48:39 Ring Archer Armor
48:05 Bodkin Arrow
49:52 Scale Mail Armor
50:20 Bracer
52:37 Squires
51:57 Pikeman
52:23 Arson
57:08 Thumb Ring
56:24 Elite Skirmisher
57:24 Onager
66:20 Halberdier
CRi
2:07 Loom
10:39 Feudal Age
16:38 Castle Age
14:28 Double-Bit Axe
26:37 Horse Collar
29:04 Gold Mining
32:41 Eupseong
33:37 Bow Saw
35:53 Ballistics
35:40 Fletching
39:43 Scale Mail Armor
39:54 Forging
43:00 Chain Mail Armor
43:21 Iron Casting
47:01 Imperial Age
怒头堵紧
9:53 Feudal Age
12:23 Loom
16:06 Castle Age
14:05 Double-Bit Axe
14:13 Horse Collar
32:42 Imperial Age
30:54 Wheelbarrow
30:06 Town Watch
30:52 Gold Mining
30:52 Stone Mining
31:04 Heavy Plow
31:16 Bow Saw
31:32 Scale Barding Armor
31:37 Forging
32:15 Hand Cart
32:58 Gold Shaft Mining
32:58 Stone Shaft Mining
33:26 Chain Barding Armor
33:48 Conscription
34:38 Iron Casting
34:04 Husbandry
34:14 Bloodlines
34:25 Elite War Elephant
36:02 Plate Barding Armor
37:07 Blast Furnace
48:41 Guilds
49:07 Capped Ram
50:42 Siege Ram
53:10 Caravan
56:46 Crop Rotation
57:31 Two-Man Saw
59:12 Coinage
62:21 Banking
64:26 Kamandaran
64:36 Citadels
63:56 Sappers
65:18 Hoardings
65:25 Hoardings
75:28 Scale Mail Armor
75:28 Padded Archer Armor
75:18 Fletching
74:50 Man-at-Arms
74:50 Pikeman
75:15 Gambesons
75:30 Squires
75:16 Arson
75:06 Heavy Scorpion
75:06 Onager
76:03 Fervor
76:08 Block Printing
75:54 Devotion
76:30 Theocracy
75:51 Herbal Medicine
75:57 Town Patrol
75:27 Long Swordsman
75:31 Light Cavalry
75:31 Cavalier
75:32 Heavy Camel Rider
76:34 Thumb Ring
75:49 Crossbowman
75:50 Elite Skirmisher
75:50 Heavy Cavalry Archer
76:56 Parthian Tactics
76:59 Masonry
77:00 Clinker Construction
77:00 Careening
76:56 Siphons
77:09 Murder Holes
77:05 Heated Shot
77:35 Ballistics
78:16 Chemistry
77:06 Guard Tower
76:42 Halberdier
77:43 Chain Mail Armor
77:44 Leather Archer Armor
77:24 Bodkin Arrow
76:52 Hussar
78:52 Savar
80:04 Architecture
79:55 Dry Dock
79:55 Carvel Hull
80:02 Faith
81:41 Plate Mail Armor
81:41 Ring Archer Armor
81:26 Incendiaries
81:04 Fishing Lines
81:36 Medium Warships
80:47 Demolition Ship
80:47 Elite Cannon Galleon
82:48 Gillnets
83:32 Heavy Warships
82:28 Heavy Demolition Ship
novko
2:02 Loom
11:19 Feudal Age
14:37 Double-Bit Axe
18:49 Castle Age
17:26 Horse Collar
18:50 Stone Mining
25:39 Wheelbarrow
24:49 Town Watch
28:09 Bow Saw
28:29 Fortified Wall
33:04 Imperial Age
31:39 Hand Cart
31:25 Town Patrol
34:24 Conscription
34:25 Ironclad
35:12 Chemistry
34:44 Bloodlines
34:58 Gold Mining
35:58 Caravan
36:19 Forging
36:15 Scale Barding Armor
35:33 Cavalier
38:40 Two-Man Saw
38:02 Siege Engineers
39:16 Iron Casting
38:43 Scale Mail Armor
39:55 Stone Shaft Mining
42:39 Paladin
44:26 Pikeman
44:52 Gambesons
45:07 Squires
46:25 Halberdier
56:25 Guard Tower
56:21 Arrowslits
57:01 Ballistics
56:35 Heated Shot
56:57 Masonry
57:08 Bombard Tower
57:45 Heavy Mounted Crossbowman
60:46 Keep
65:33 Blast Furnace
64:53 Chain Barding Armor
68:01 Plate Barding Armor
68:04 Elite Skirmisher
Krake
3:25 Loom
10:13 Feudal Age
10:42 Double-Bit Axe
18:23 Castle Age
17:03 Stone Mining
19:57 Fletching
25:45 Horse Collar
31:21 Bow Saw
31:01 Gold Mining
32:41 Heavy Plow
33:10 Gambesons
33:27 Squires
33:14 Arson
34:23 Stone Shaft Mining
35:17 Wheelbarrow
34:29 Town Watch
34:52 Man-at-Arms
35:57 Forging
35:48 Scale Mail Armor
35:50 Long Swordsman
37:35 Hand Cart
38:32 Iron Casting
38:13 Chain Mail Armor
38:11 Caravan
37:49 Pikeman
39:29 Svan Towers
41:06 Bodkin Arrow
41:11 Murder Holes
41:26 Fortified Wall
41:07 Guard Tower
41:37 Ballistics
40:58 Treadmill Crane
41:28 Masonry
47:14 Imperial Age
45:43 Padded Archer Armor
45:48 Scale Barding Armor
47:20 Halberdier
49:44 Chemistry
49:49 Keep
49:24 Bracer
49:13 Arrowslits
50:04 Architecture
49:40 Siege Engineers
50:20 Conscription
50:59 Guilds
51:20 Coinage
52:23 Blast Furnace
51:54 Plate Mail Armor
51:44 Chain Barding Armor
53:51 Hoardings
52:49 Sappers
53:03 Two-Handed Swordsman
58:59 Champion
60:18 Capped Ram
62:53 Siege Ram
63:24 Elite Monaspa
64:12 Aznauri Cavalry
65:40 Bloodlines
65:31 Husbandry
64:51 Cavalier
64:52 Light Cavalry
67:25 Banking
72:23 Chain Barding Armor
72:19 Leather Archer Armor
ForeignDonut
3:01 Loom
4:34 Loom
5:49 Loom
12:29 Feudal Age
14:20 Loom
14:22 Double-Bit Axe
15:43 Wheelbarrow
23:02 Castle Age
21:44 Bloodlines
38:48 Hand Cart
48:49 Imperial Age
46:59 Fortified Wall
49:22 Caravan
50:33 Thunderclap Bombs
50:45 Conscription
50:42 Horse Collar
55:36 Ballistics
56:16 Chemistry
57:11 Guilds
57:34 Coinage
57:19 Guilds
59:24 Banking
60:29 Elite Iron Pagoda
61:40 Fletching
61:50 Padded Archer Armor
62:01 Forging
61:57 Scale Barding Armor
61:53 Scale Mail Armor
67:33 Chain Barding Armor
67:49 Iron Casting
67:09 Bodkin Arrow
67:30 Leather Archer Armor
67:30 Chain Mail Armor
67:17 Heavy Rocket Cart
68:49 Plate Barding Armor
71:22 Guard Tower
71:18 Arrowslits
71:39 Siphons
Connection lost

Rejoining the realm…

Still unreachable

The connection could not be restored.

Session expired

The server has moved on; the page needs a fresh start.